AoeStats
← Sylar

MegaRandom

517441610Analyzed
2v2 RM · 5d ago on Oct 30, 2026· 53m 21s· 4 players
Game mode
Random Map
Map size
Medium (4 player)
Population
200
Speed
Normal
Resources
Standard
Victory
Conquest
Starting age
Dark Age
Ending age
Imperial Age
RankedLock teamsTeams togetherTeam positionsShared explorationLock speedFull tech treeHidden civsTurbo modeCheats
Victory
Defeat
🇫🇷 Persians · France
806
+16
🇫🇷 Goths · France
800
+15
vs
🇲🇩 Celts · Moldova
813
-16
🇩🇰 Slavs · Denmark
784
-15
PtrCrypto
0:38 Loom
11:56 Feudal Age
13:37 Wheelbarrow
13:01 Double-Bit Axe
15:05 Horse Collar
15:34 Man-at-Arms
19:49 Fletching
25:02 Castle Age
24:40 Gold Mining
24:41 Stone Mining
25:50 Pikeman
26:30 Squires
26:51 Hand Cart
28:04 Crossbowman
28:46 Bodkin Arrow
28:55 Scale Mail Armor
31:17 Bow Saw
32:09 Heavy Plow
33:49 Padded Archer Armor
34:04 Chain Mail Armor
33:34 Elite Skirmisher
36:36 Gold Shaft Mining
40:52 Light Cavalry
41:42 Bloodlines
43:31 Leather Archer Armor
iDomino
0:31 Loom
11:36 Feudal Age
12:09 Double-Bit Axe
12:08 Horse Collar
16:38 Wheelbarrow
23:43 Stone Mining
23:54 Gold Mining
26:27 Castle Age
26:22 Scale Mail Armor
26:32 Forging
28:21 Bow Saw
28:18 Heavy Plow
29:43 Chain Mail Armor
40:58 Imperial Age
41:41 Pikeman
42:58 Capped Ram
44:09 Hand Cart
46:44 Halberdier
Nomisteak
12:04 Feudal Age
13:10 Double-Bit Axe
13:18 Gold Mining
13:30 Loom
22:04 Castle Age
21:19 Horse Collar
21:47 Stone Mining
23:41 Stone Shaft Mining
26:36 Forging
26:27 Scale Mail Armor
26:44 Bow Saw
28:05 Wheelbarrow
28:05 Town Watch
28:55 Padded Archer Armor
28:46 Fletching
29:03 Heavy Plow
29:09 Elite Skirmisher
30:19 Man-at-Arms
31:06 Anarchy
33:11 Hand Cart
34:18 Squires
38:35 Pikeman
43:30 Leather Archer Armor
43:11 Bodkin Arrow
45:56 Iron Casting
45:37 Chain Mail Armor
50:53 Imperial Age
52:53 Ring Archer Armor
52:24 Bracer
53:24 Blast Furnace
Sylar
2:35 Loom
11:02 Feudal Age
18:17 Castle Age
19:00 Forging
18:56 Scale Barding Armor
19:11 Light Cavalry
22:01 Elite Skirmisher
25:29 Fletching
25:33 Horse Collar
25:48 Double-Bit Axe
26:16 Town Watch
27:13 Wheelbarrow
28:09 Stone Mining
30:26 Hand Cart
30:46 Heavy Plow
32:12 Bow Saw
32:57 Kamandaran
34:44 Crossbowman
37:16 Padded Archer Armor
37:12 Bodkin Arrow
37:39 Chain Barding Armor
37:55 Iron Casting
41:34 Imperial Age
44:09 Citadels
44:21 Conscription
46:58 Crop Rotation
46:21 Gold Mining
47:07 Stone Shaft Mining
46:17 Elite War Elephant
48:25 Two-Man Saw
48:08 Thumb Ring
53:29 Leather Archer Armor
54:15 Blast Furnace
53:51 Plate Barding Armor
Connection lost

Rejoining the realm…

Still unreachable

The connection could not be restored.

Session expired

The server has moved on; the page needs a fresh start.